AoeStats
← Apoloinsider

Lombardia

509943867Analyzed
3v3 RM · 4d ago on Sep 28, 2026· 55m 14s· 6 players
Game mode
Random Map
Map size
Normal (6 player)
Population
200
Speed
Normal
Resources
Standard
Victory
Conquest
Starting age
Dark Age
Ending age
Imperial Age
RankedLock teamsTeams togetherTeam positionsShared explorationLock speedFull tech treeHidden civsTurbo modeCheats
Victory
Defeat
🇨🇳 Franks · China
787
+13
🇧🇷 Goths · Brazil
731
+15
🇧🇷 Georgians · Brazil
617
+19
🇷🇸 Byzantines · Serbia
713
-16
🇩🇪 Bohemians · Germany
709
-16
🇦🇷 Persians · Argentina
690
-15
Andrew2405
16:00 Feudal Age
17:51 Wheelbarrow
17:03 Town Watch
17:10 Double-Bit Axe
17:08 Horse Collar
22:14 Castle Age
24:48 Bow Saw
25:00 Hand Cart
24:45 Town Patrol
26:44 Caravan
27:15 Coinage
33:24 Chemistry
32:47 Ballistics
32:39 Masonry
43:34 Imperial Age
44:03 Houfnice
49:17 Two-Man Saw
48:41 Conscription
Seeker
7:14 Loom
12:32 Feudal Age
12:58 Double-Bit Axe
13:50 Wheelbarrow
13:27 Horse Collar
21:35 Castle Age
19:49 Stone Mining
20:12 Gold Mining
22:57 Stone Shaft Mining
21:54 Pikeman
22:38 Squires
23:52 Hand Cart
25:20 Heavy Plow
26:20 Gold Shaft Mining
26:05 Bow Saw
30:45 Forging
32:13 Fortified Wall
34:14 Iron Casting
38:24 Imperial Age
39:23 Scale Barding Armor
41:05 Chain Barding Armor
45:54 Plate Barding Armor
46:00 Logistica
47:06 Elite Cataphract
51:32 Hoardings
orteguitafc
3:02 Loom
11:13 Feudal Age
12:49 Double-Bit Axe
22:40 Castle Age
22:02 Horse Collar
26:10 Light Cavalry
27:51 Town Watch
28:42 Wheelbarrow
33:21 Imperial Age
32:38 Kamandaran
32:04 Crossbowman
35:01 Cavalier
35:42 Husbandry
35:53 Bloodlines
37:18 Padded Archer Armor
37:08 Fletching
38:12 Murder Holes
39:32 Thumb Ring
42:46 Savar
43:53 Forging
43:44 Scale Mail Armor
45:50 Iron Casting
45:21 Scale Barding Armor
45:32 Leather Archer Armor
45:12 Bodkin Arrow
53:21 Chain Barding Armor
54:02 Blast Furnace
53:18 Chain Mail Armor
53:22 Citadels
53:34 Conscription
54:46 Plate Barding Armor
Apoloinsider
2:48 Loom
12:50 Feudal Age
13:19 Town Watch
14:02 Double-Bit Axe
15:14 Wheelbarrow
15:10 Horse Collar
20:06 Gold Mining
24:10 Castle Age
22:28 Scale Mail Armor
23:29 Arson
24:42 Gambesons
25:27 Padded Archer Armor
26:19 Husbandry
28:57 Squires
28:17 Pikeman
29:13 Bloodlines
31:01 Bow Saw
30:14 Man-at-Arms
32:47 Heavy Plow
33:07 Leather Archer Armor
33:13 Forging
33:09 Stone Mining
33:27 Light Cavalry
34:51 Scale Barding Armor
35:33 Svan Towers
36:04 Long Swordsman
36:57 Fletching
39:33 Stone Shaft Mining
41:43 Hand Cart
44:36 Imperial Age
43:12 Iron Casting
45:08 Chain Mail Armor
46:23 Chemistry
45:44 Ballistics
45:15 Guard Tower
45:22 Two-Handed Swordsman
45:55 Capped Ram
47:11 Masonry
48:19 Hoardings
47:47 Murder Holes
49:51 Sanctity
48:56 Siege Ram
50:51 Plate Mail Armor
51:21 Blast Furnace
50:54 Crop Rotation
50:14 Elite Monaspa
51:36 Hussar
52:38 Cavalier
52:57 Sappers
54:22 Champion
Legendario
11:45 Feudal Age
12:11 Horse Collar
19:58 Castle Age
20:52 Heavy Plow
20:22 Man-at-Arms
21:05 Squires
21:33 Forging
21:24 Scale Mail Armor
21:12 Double-Bit Axe
21:34 Long Swordsman
22:52 Iron Casting
25:25 Loom
28:28 Imperial Age
26:43 Chain Mail Armor
26:59 Masonry
28:32 Capped Ram
28:35 Two-Handed Swordsman
30:34 Chemistry
29:19 Pikeman
30:57 Bow Saw
32:54 Halberdier
35:12 Wheelbarrow
37:02 Blast Furnace
37:44 Two-Man Saw
45:12 Anarchy
45:34 Conscription
53:24 Perfusion
domsen
0:50 Loom
13:04 Feudal Age
22:19 Castle Age
22:06 Stone Mining
22:09 Gold Mining
23:37 Double-Bit Axe
35:57 Imperial Age
33:28 Treadmill Crane
33:44 Murder Holes
34:21 Husbandry
34:40 Caravan
35:37 Squires
35:22 Gambesons
35:23 Arson
35:53 Forging
35:49 Scale Barding Armor
35:36 Fletching
35:47 Scale Mail Armor
36:26 Gold Shaft Mining
36:40 Bow Saw
37:27 Cavalier
38:49 Iron Casting
38:35 Chain Barding Armor
38:22 Bodkin Arrow
38:46 Chain Mail Armor
38:54 Conscription
39:40 Wheelbarrow
39:43 Paladin
40:54 Chivalry
40:16 Ordonnance Companies
40:23 Elite Throwing Axeman
42:12 Blast Furnace
41:48 Plate Barding Armor
43:08 Plate Mail Armor
43:02 Ballistics
43:44 Chemistry
42:31 Arrowslits
43:22 Hand Cart
45:42 Siege Engineers
Connection lost

Rejoining the realm…

Still unreachable

The connection could not be restored.

Session expired

The server has moved on; the page needs a fresh start.